 Dungeon Sprint DCSS version 0.27-a0-67-g4bfc8a49e1 (webtiles) character file.

Game seed: 9657209866290224457

7848 mhtbhm the Sorcerer (level 11, -21/54 HPs)
             Began as a Deep Elf Earth Elementalist on Jan 9, 2021.
             Was the Champion of Vehumet.
             Killed from afar by a deep elf annihilator (75 damage)
             ... with an iron shot
             ... in the Dungeon (Sprint III: "The Ten Rune Challenge").
             The game lasted 00:07:37 (2104 turns).

mhtbhm the Sorcerer (Deep Elf Earth Elementalist)   Turns: 2104, Time: 00:07:38

Health: -21/54     AC:  1    Str:  5    XL:     11   Next: 2%
Magic:  32/39      EV: 15    Int: 24    God:    Vehumet [******]
Gold:   1911       SH:  0    Dex: 17    Spells: 32/54 levels left

rFire    . . .     SeeInvis .   (no weapon)
rCold    . . .     Faith    .   (no shield)
rNeg     . . .     Spirit   .   c - +0 robe
rPois    .         Reflect  .   (no helmet)
rElec    .         Harm     .   (no cloak)
rCorr    .         Rampage  .   (no gloves)
Will     +....     NoTele   +   (no boots)
Stlth    ++++......             (no amulet)
HPRegen  0.18/turn              (no ring)
MPRegen  0.26/turn              (no ring)

@: no status effects
A: thin skeletal structure 1, deformed body
a: Renounce Religion


You were in the Dungeon.
You worshipped Vehumet.
Vehumet was exalted by your worship.
You visited 1 branch You collected 1911 gold pieces.

Inventory:

Missiles
 b - 2 stones
Armour
 c - a +0 robe (worn)
Wands
 i - a wand of paralysis (10)
Scrolls
 a - a scroll of fog {unknown}
 k - a scroll of holy word {unknown}
 l - 3 scrolls of remove curse {unknown}
 n - a scroll of immolation {unknown}
 o - a scroll of identify {unknown}
Potions
 d - a potion of curing
 e - a potion of heal wounds
 f - a potion of haste
 h - a potion of berserk rage
 j - a potion of might
 m - 2 potions of flight {unknown}
Miscellaneous
 p - a tin of tremorstones (2/2)


   Skills:
 + Level 5.4 Dodging
 - Level 4.5 Stealth
 + Level 22.0 Spellcasting
 + Level 3.9 Conjurations
 + Level 3.9 Transmutations
 + Level 1.1 Air Magic
 + Level 18.0 Earth Magic
 + Level 1.6 Poison Magic
 + Level 2.5 Evocations


You had 32 spell levels left.
You knew the following spells:

 Your Spells              Type           Power        Failure   Level
a - Sandblast             Erth           100%         0%          1
b - Passwall              Tmut/Erth      56%          1%          2
c - Stone Arrow           Conj/Erth      100%         1%          3
d - Lee's Rapid Deconstr  Erth           42%          1%          5
e - Petrify               Tmut/Erth      68%          1%          4
f - Mephitic Cloud        Conj/Pois/Air  37%          1%          3
g - Sticky Flame          Conj/Fire      36%          1%          4

Your spell library contained the following spells:

 Spells                   Type           Power        Failure   Level
 Irradiate                Conj/Tmut      22%          2%          5
 Magic Dart               Conj           100%         1%          1
 Conjure Flame            Conj/Fire      36%          1%          3
 Blink                    Tloc           N/A          2%          2
 Call Imp                 Summ           26%          2%          2
 Slow                     Hex            26%          2%          2


Dungeon Overview and Level Annotations

Branches:
Dungeon (1/1)

Altars:
Cheibriados
Dithmenos
Elyvilon
Fedhas
Gozag
Hepliaklqana
Kikubaaqudgha
Makhleb
Nemelex Xobeh
Okawaru
Qazlal
Ru
Sif Muna
Trog
Uskayaw
Vehumet
Wu Jian
Xom
Yredelemnul
Zin
The Shining One
Beogh
Jiyva
Lugonu

Shops:
D (


Innate Abilities, Weirdness & Mutations

You have a somewhat thin skeletal structure. (Dex +2, Stealth)
Armour fits poorly on your strangely shaped body.


Message History

You cannot affect that.
Okay, then.
Casting: Lee's Rapid Deconstruction (safe; 1% risk of failure)
Confirm with . or Enter, or press ? or * to list all spells.
Aiming: Mephitic Cloud (safe; 1% risk of failure)
Press: ? - help, Shift-Dir - straight line, f/p - deep elf annihilator
Aim: a deep elf annihilator, wielding a +1 antimagic hand axe and wearing a +1 robe of resistance That beam is likely to hit you.
Continue anyway?
Okay, then.
Unknown command.
Casting: Mephitic Cloud (safe; 1% risk of failure)
Confirm with . or Enter, or press ? or * to list all spells.
Okay, then.
Okay, then.
Evoke which item? (* to show all) (? for menu, Esc to quit)
Okay, then.
The deep elf annihilator gestures at you while chanting.
The iron shot hits you!!!!
Ouch! That really hurt!
You die...

▓▓▓▓▓▓▓
###..#..############ ##
__#.#.#.∩.#..'.#.§°# ...
._#.........##.#○☼.##≈≈≈≈
)##.)).÷....##.#..☼≈≈≈..e
..#.)......###.#)e.##≈
..#)))#.###.##.)@..#
#'#)##..# ##.#######
..#)#####################
..#))..#.#.#.).)†#......+
..##)#))#.##.###.#^.^...#
..'##)#.#.##.#..##^.....#
..#.).#..#..##..'.....^^#
▓▓▓▓▓▓▓▓▓▓▓▓▓▓▓▓#.....^^#
≈≈........≈≈≈...#.......#


You could see a deep elf annihilator.

Vanquished Creatures
  Erolcha (D)
  2 orc high priests (D)
  2 deep elf knights (D)
  4 deep elf magi (D)
  An orc knight (D)
  3 wandering mushrooms (D)
  A shadow (D)
  2 redbacks (D)
  A spatial vortex (D)
  2 orc warriors (D)
  A necrophage (D)
  5 two-headed ogres (D)
  A water elemental (D)
  A jelly (D)
  An orc priest (D)
  A necromancer (D)
  A wizard (D)
  2 orc wizards (D)
  3 humans (D)
  A kobold demonologist (D)
  2 oozes (D)
  A phantom (D)
  10 orcs (D)
  2 rats (D)
51 creatures vanquished.

Vanquished Creatures (others)
  3 plants (D)
3 creatures vanquished.

Grand Total: 54 creatures vanquished

Notes
Turn   | Place    | Note
-------+----------+-------------------------------------------
     0 | D        | mhtbhm the Deep Elf Earth Elementalist began the quest for
                  | the Orb.
     0 | D        | Reached XP level 1. HP: 10/10 MP: 6/6
    25 | D        | Reached XP level 2. HP: 15/15 MP: 5/8
    55 | D        | Learned a level 2 spell: Passwall
    68 | D        | Gained mutation: You are partially covered in molten
                  | scales. (AC +2) [potion of mutation]
    68 | D        | Gained mutation: You are somewhat resistant to further
                  | mutation. [potion of mutation]
    74 | D        | Lost mutation: You are somewhat resistant to further
                  | mutation. [potion of mutation]
    74 | D        | Lost mutation: You are partially covered in molten scales.
                  | (AC +2) [potion of mutation]
    74 | D        | Gained mutation: You are dopey. (Int -2) [potion of
                  | mutation]
    74 | D        | Gained mutation: Your muscles are strong. (Str +2) [potion
                  | of mutation]
    75 | D        | Lost mutation: Your muscles are strong. (Str +2) [potion of
                  | mutation]
    75 | D        | Lost mutation: You are dopey. (Int -2) [potion of mutation]
    75 | D        | Gained mutation: Your spells are a little easier to cast,
                  | but a little less powerful. [potion of mutation]
    75 | D        | Gained mutation: You have a pair of small antennae on your
                  | head. [potion of mutation]
    76 | D        | Lost mutation: Your spells are a little easier to cast, but
                  | a little less powerful. [potion of mutation]
    76 | D        | Lost mutation: You have a pair of small antennae on your
                  | head. [potion of mutation]
    76 | D        | Gained mutation: Armour fits poorly on your strangely
                  | shaped body. [potion of mutation]
    76 | D        | Gained mutation: You have a somewhat thin skeletal
                  | structure. (Dex +2, Stealth) [potion of mutation]
   140 | D        | Reached skill level 5 in Spellcasting
   140 | D        | Reached skill level 5 in Earth Magic
   140 | D        | Reached XP level 3. HP: 11/19 MP: 0/11
   278 | D        | Learned a level 3 spell: Stone Arrow
   330 | D        | Noticed a water elemental
   335 | D        | Killed a water elemental
   336 | D        | Reached skill level 7 in Spellcasting
   336 | D        | Reached XP level 4. HP: 17/24 MP: 8/15
   419 | D        | Found a radiant altar of Vehumet.
   419 | D        | Found a shimmering blue altar of Sif Muna.
   419 | D        | Found an ancient bone altar of Kikubaaqudgha.
   419 | D        | Noticed a wizard
   420 | D        | Killed a wizard
   423 | D        | Reached skill level 8 in Spellcasting
   426 | D        | Became a worshipper of Vehumet
   476 | D        | Found a basalt altar of Yredelemnul.
   476 | D        | Found a shadowy altar of Dithmenos.
   476 | D        | Found a sacrificial altar of Ru.
   476 | D        | Noticed a necrophage
   478 | D        | Killed a necrophage
   479 | D        | Reached skill level 10 in Spellcasting
   479 | D        | Reached XP level 5. HP: 28/28 MP: 14/19
   618 | D        | Learned a level 5 spell: Lee's Rapid Deconstruction
   623 | D        | Learned a level 4 spell: Petrify
   627 | D        | Learned a level 3 spell: Mephitic Cloud
   632 | D        | Found a glowing silver altar of Zin.
   632 | D        | Found a glowing golden altar of the Shining One.
   632 | D        | Found a white marble altar of Elyvilon.
   632 | D        | Noticed a deep elf mage
   634 | D        | Killed a deep elf mage
   634 | D        | Reached * piety under Vehumet
   634 | D        | Offered knowledge of Shock by Vehumet.
   635 | D        | Reached skill level 5 in Dodging
   635 | D        | Reached skill level 13 in Spellcasting
   635 | D        | Reached skill level 1 in Conjurations
   635 | D        | Reached XP level 6. HP: 32/32 MP: 9/24
   635 | D        | Reached XP level 7. HP: 36/36 MP: 9/26
   721 | D        | Found a hide-covered altar of Uskayaw.
   721 | D        | Found a roughly hewn altar of Beogh.
   721 | D        | Found an iron altar of Okawaru.
   721 | D        | Found a bloodstained altar of Trog.
   721 | D        | Found an ornate altar of the Wu Jian Council.
   721 | D        | Noticed a human
   721 | D        | Noticed a human
   724 | D        | Killed a human
   725 | D        | Reached skill level 14 in Spellcasting
   726 | D        | Killed a human
   865 | D        | Reached ** piety under Vehumet
   865 | D        | Offered knowledge of Foxfire by Vehumet.
   865 | D        | Noticed a shadow
   871 | D        | Killed a shadow
   872 | D        | Reached skill level 15 in Spellcasting
   872 | D        | Reached XP level 8. HP: 41/41 MP: 8/29
   975 | D        | Found a blossoming altar of Fedhas.
   975 | D        | Found a stormy altar of Qazlal.
   975 | D        | Found a snail-covered altar of Cheibriados.
   975 | D        | Found a burning altar of Makhleb.
   975 | D        | Found a shimmering altar of Xom.
   976 | D        | Found a hazy altar of Hepliaklqana.
   976 | D        | Found an opulent altar of Gozag.
   976 | D        | Found a sparkling altar of Nemelex Xobeh.
   976 | D        | Found a corrupted altar of Lugonu.
   976 | D        | Found a viscous altar of Jiyva.
   980 | D        | Reached skill level 1 in Poison Magic
  1035 | D        | Offered knowledge of Dazzling Flash by Vehumet.
  1035 | D        | Reached *** piety under Vehumet
  1036 | D        | Reached skill level 16 in Spellcasting
  1045 | D        | Noticed a two-headed ogre
  1050 | D        | Killed a two-headed ogre
  1192 | D        | Noticed Erolcha
  1193 | D        | Paralysed by Erolcha for 6 turns
  1193 | D        | Noticed a two-headed ogre
  1200 | D        | Killed Erolcha
  1200 | D        | Offered knowledge of Hailstorm by Vehumet.
  1201 | D        | Reached skill level 18 in Spellcasting
  1201 | D        | Reached XP level 9. HP: 7/45 MP: 24/33
  1463 | D        | Reached **** piety under Vehumet
  1490 | D        | Killed a two-headed ogre
  1490 | D        | Offered knowledge of Sticky Flame by Vehumet.
  1491 | D        | Reached skill level 15 in Earth Magic
  1496 | D        | Learned a level 4 spell: Sticky Flame
  1581 | D        | Reached skill level 19 in Spellcasting
  1607 | D        | Noticed a wandering mushroom
  1611 | D        | Noticed a wandering mushroom
  1615 | D        | Killed a wandering mushroom
  1617 | D        | Noticed a wandering mushroom
  1622 | D        | Killed a wandering mushroom
  1622 | D        | Reached ***** piety under Vehumet
  1660 | D        | Killed a wandering mushroom
  1660 | D        | Offered knowledge of Conjure Ball Lightning by Vehumet.
  1729 | D        | Found Ruom's Antique Weapon Boutique.
  1729 | D        | Noticed an orc high priest
  1729 | D        | Noticed an orc knight
  1742 | D        | Killed an orc knight
  1742 | D        | Killed an orc high priest
  1743 | D        | Reached skill level 20 in Spellcasting
  1743 | D        | Reached skill level 1 in Air Magic
  1743 | D        | Reached skill level 1 in Evocations
  1743 | D        | Reached XP level 10. HP: 36/50 MP: 6/36
  1746 | D        | Noticed an orc high priest
  1753 | D        | Killed an orc high priest
  1753 | D        | Reached ****** piety under Vehumet
  1977 | D        | Noticed a deep elf mage
  1977 | D        | Noticed a deep elf knight
  1977 | D        | Noticed a deep elf mage
  1977 | D        | Noticed a deep elf mage
  1977 | D        | Noticed a deep elf knight
  1986 | D        | Killed a deep elf mage
  1986 | D        | Offered knowledge of Irradiate by Vehumet.
  1987 | D        | Reached skill level 21 in Spellcasting
  1990 | D        | Killed a deep elf mage
  1990 | D        | Killed a deep elf knight
  1991 | D        | Killed a deep elf mage
  1993 | D        | Killed a deep elf knight
  1994 | D        | Reached skill level 22 in Spellcasting
  1994 | D        | Reached XP level 11. HP: 54/54 MP: 13/39
  2096 | D        | Noticed a deep elf annihilator
  2097 | D        | Noticed a deep elf annihilator
  2102 | D        | Noticed a deep elf demonologist
  2104 | D        | Killed from afar by a deep elf annihilator

Illustrated notes

Levels and vault maps discovered:
D:        dungeon_sprint_mu [sprint_mu_entry_forest, sprint_mu_temple_rooms,
          sprint_mu_d1_spiders, sprint_mu_d2_genie, sprint_mu_d3_branching,
          sprint_mu_orc_legion, sprint_mu_elf_gauntlet, sprint_mu_hive_nellie,
          sprint_mu_lair_fedhas, sprint_mu_vaults_butterflies,
          sprint_mu_slime_circle, sprint_mu_swamp_cave, sprint_mu_shoals_kraken,
          sprint_mu_blade_basic, sprint_mu_crypt_lich, sprint_mu_tomb_spiral,
          sprint_mu_vestibule_basic, sprint_mu_gehenna_hellfire,
          sprint_mu_dis_giant, sprint_mu_tartarus_statrot,
          sprint_mu_cocytus_islands, sprint_mu_zot1]

Skill      XL: |  1  2  3  4  5  6  7  8  9 10 |
---------------+-------------------------------+-----
Dodging        | 3 4 5 |  5.4
Earth Magic    | 4 5 6 9 11 12 14 16 18 | 18.0
Stealth        | 3 4 |  4.5
Spellcasting   | 5 7 10 13 15 18 20 22 | 22.0
Transmutations | 2 3 |  3.9
Conjurations   | 1 3 |  3.9
Poison Magic   | 1 |  1.6
Air Magic      | 1 |  1.1
Evocations     | 1 2 |  2.5

Action                   |  1- 3 |  4- 6 |  7- 9 | 10-12 || total
-------------------------+-------+-------+-------+-------++-------
 Cast: Sandblast         |    19 |     6 |     3 |       ||    28
       Passwall          |     2 |       |       |     1 ||     3
       Stone Arrow       |     1 |     1 |     9 |     1 ||    12
       Lee's Rapid Decon |       |     2 |    30 |    14 ||    46
       Mephitic Cloud    |       |       |     2 |     1 ||     3
       Petrify           |       |       |     6 |       ||     6
Evoke: Tin of tremorston |       |       |     1 |     2 ||     3
       Wand              |       |       |       |     1 ||     1
  Use: Potion            |     4 |       |     1 |     2 ||     7
       Scroll            |       |       |     1 |       ||     1
Dodge: Dodged            |     4 |     1 |     4 |     1 ||    10

Table legend: (Time is in decaauts)
 A = Elapsed time spent in this place.
 B = Non-inter-level travel time spent in this place.
 C = Inter-level travel time spent in this place.
 D = Time resting spent in this place.
 E = Time spent auto-exploring this place.
 F = Levels seen in this place.
 G = Mean time per level.
                   A        B        C        D        E       F      G
               +--------+--------+--------+--------+--------+-----+--------+
         Total |   2109 |   2109 |      0 |   1501 |      1 |   1 | 2109.0 |
       Dungeon |   2109 |   2109 |      0 |   1501 |      1 |   1 | 2109.0 |
               +--------+--------+--------+--------+--------+-----+--------+

Top non-repeatable levels by time:
       D: 2109 daAuts
